AoeStats
← ogipochi_

Arena

506825053Analyzed
4v4 RM · 18d ago on Sep 15, 2026· 30m 5s· 8 players
Game mode
Random Map
Map size
Large (8 player)
Population
200
Speed
Normal
Resources
Standard
Victory
Conquest
Starting age
Dark Age
Ending age
Imperial Age
RankedLock teamsTeams togetherTeam positionsShared explorationLock speedFull tech treeHidden civsTurbo modeCheats
Victory
Defeat
🇳🇱 Bulgarians · Netherlands
879
+13
🇭🇰 Burgundians · Hong Kong SAR China
852
+14
🇭🇰 Turks · Hong Kong SAR China
848
+14
🇮🇳 Khmer · India
814
+16
🇮🇳 Ethiopians · India
851
-16
🇨🇳 Shu · China
839
-41
🇨🇳 Persians · China
822
-15
🇯🇵 Khitans · Japan
722
-11
ogipochi_
8:58 Loom
11:04 Feudal Age
9:22 Loom
11:33 Double-Bit Axe
11:39 Domestication
12:54 Wheelbarrow
13:03 Gold Mining
12:39 Man-at-Arms
13:05 Arson
16:05 Forging
15:55 Scale Mail Armor
20:13 Castle Age
18:42 Stone Mining
20:26 Long Swordsman
21:50 Squires
22:18 Gambesons
Black Wolf
12:31 Feudal Age
16:23 Castle Age
14:59 Double-Bit Axe
14:58 Horse Collar
17:03 Loom
18:04 Bow Saw
19:28 Gold Mining
19:42 Fletching
19:53 Padded Archer Armor
19:17 Crossbowman
22:35 Wheelbarrow
21:51 Town Watch
Cornelius amir
8:45 Loom
12:45 Feudal Age
13:15 Double-Bit Axe
13:12 Horse Collar
14:09 Wheelbarrow
Liz
0:27 Loom
10:17 Feudal Age
10:39 Double-Bit Axe
10:37 Horse Collar
10:49 Gold Mining
12:14 Wheelbarrow
20:20 Castle Age
18:50 Stone Mining
21:42 Heavy Plow
21:55 Bow Saw
22:31 Gold Shaft Mining
24:53 Hand Cart
24:47 Town Watch
30:01 Imperial Age
Sm0k1nG040
11:29 Feudal Age
9:50 Loom
16:25 Castle Age
15:59 Double-Bit Axe
16:31 Stone Mining
19:52 Horse Collar
23:17 Stone Shaft Mining
24:08 Gold Mining
26:50 Gold Shaft Mining
29:51 Husbandry
30:01 Bloodlines
DSLG | Asura
0:27 Loom
12:11 Feudal Age
12:45 Double-Bit Axe
14:58 Horse Collar
20:57 Castle Age
19:06 Stone Mining
19:10 Gold Mining
22:14 Bow Saw
24:03 Heavy Plow
30:12 Imperial Age
29:36 Caravan
myhoneyee
0:26 Loom
9:42 Feudal Age
16:15 Castle Age
20:22 Wheelbarrow
20:05 Double-Bit Axe
24:24 Horse Collar
26:23 Heavy Plow
29:39 Imperial Age
27:44 Scale Barding Armor
28:08 Gold Mining
28:09 Stone Mining
28:32 Bow Saw
28:45 Chain Barding Armor
28:44 Pikeman
29:52 Arson
30:07 Squires
31:39 Chemistry
mytristan1122
0:26 Loom
10:53 Feudal Age
15:49 Castle Age
14:00 Horse Collar
15:07 Double-Bit Axe
21:01 Bow Saw
29:57 Imperial Age
28:21 Gold Mining
28:24 Stone Mining
29:13 Wheelbarrow
28:24 Town Watch
28:50 Heavy Plow
30:03 Scale Mail Armor
30:41 Gold Shaft Mining
Connection lost

Rejoining the realm…

Still unreachable

The connection could not be restored.

Session expired

The server has moved on; the page needs a fresh start.